 Dungeon Crawl Stone Soup version 0.27.1-1-g398f81649c (webtiles) character file.

Game seed: 800099760032053709

7 nxtlvl the Ruffian (level 1, -2/16 HPs)
             Began as a Minotaur Transmuter on Sept 18, 2021.
             Killed by nerve-wracking pain
             ... invoked by an orc priest
              (9 damage)
             ... on level 4 of the Dungeon.
             The game lasted 00:01:58 (242 turns).

nxtlvl the Ruffian (Minotaur Transmuter)             Turns: 242, Time: 00:01:59

Health: -2/16      AC:  2    Str: 14    XL:     1   Next: 83%
Magic:  1/1        EV: 12    Int: 10    God:
Gold:   25         SH:  0    Dex: 10    Spells: 1/2 levels left

rFire    . . .     SeeInvis .     - Unarmed
rCold    . . .     Faith    .   (no shield)
rNeg     . . .     Spirit   .   a - +0 robe
rPois    .         Reflect  .   (helmet restricted)
rElec    .         Harm     .   (no cloak)
rCorr    .         Rampage  .   (no gloves)
Will     .....                  (no boots)
Stlth    +.........             (no amulet)
HPRegen  0.05/turn              (no ring)
MPRegen  0.07/turn              (no ring)

@: no status effects
A: horns 2, retaliatory headbutt
a: no special abilities


You were on level 4 of the Dungeon.
You visited 1 branch of the dungeon, and saw 4 of its levels.

You collected 25 gold pieces.

Inventory:

Missiles
 d - 17 bolts
 e - 3 curare-tipped darts
Armour
 a - a +0 robe (worn)
Scrolls
 c - a scroll of identify {unknown}
 g - a scroll of enchant armour {unknown}
Potions
 b - a potion of might {unknown}
 f - a potion of attraction {unknown}


   Skills:
 - Level 1.2 Fighting
 - Level 2.1 Dodging
 * Level 3.8 Unarmed Combat
 - Level 1.3 Spellcasting
 - Level 1.5 Transmutations


You had one spell level left.
You knew the following spells:

 Your Spells              Type           Power      Damage    Failure   Level
a - Beastly Appendage     Tmut           6%         N/A       19%         1

Your spell library contained the following spells:

 Spells                   Type           Power      Damage    Failure   Level
 Wereblood                Tmut           3%         N/A       26%         2
 Spider Form              Tmut/Pois      1%         N/A       58%         3
 Ice Form                 Ice/Tmut       2%         N/A       94%         4


Dungeon Overview and Level Annotations

Branches:
Dungeon (4/15)
 Temple: D:4-7

Altars:

Shops:
D:3 [=


Innate Abilities, Weirdness & Mutations

You have a pair of horns on your head.
You reflexively headbutt those who attack you in melee.


Message History

Found a scroll labelled SOIDAP TOIRPHUE.
There is an entrance to Meowket's Antique Armour Shop here.
Found a stone staircase leading down.
g - a scroll labelled SOIDAP TOIRPHUE
There is a stone staircase leading up here.
You climb upwards.
The ball python hisses angrily.
The frilled lizard hisses angrily.
The bat hits you but does no damage. The bat hits you.
Found a stone staircase leading up.
There is a stone staircase leading down, spattered with blood here.
The bat barely misses you. The frilled lizard bites you.
You climb downwards.
There is a stone staircase leading up here.
You barely miss the frilled lizard. The frilled lizard barely misses you.
You barely miss the frilled lizard. The frilled lizard bites you.
You barely miss the frilled lizard. The frilled lizard barely misses you.
You miss the frilled lizard.
The frilled lizard bites you but does no damage.
You closely miss the frilled lizard. The frilled lizard bites you.
You miss the frilled lizard. The frilled lizard misses you.
You barely miss the frilled lizard. The frilled lizard misses you.
You furiously retaliate!
You headbutt the frilled lizard!
You kill the frilled lizard!
There is a stone staircase leading down here.
You climb downwards.
The dart slug launches a dart at you. The slug dart hits you.
Found five items.
There is a stone staircase leading up here.
Unknown command.
You climb upwards.
There is a stone staircase leading down here.
There is a stone staircase leading down here.
You climb downwards.
The orc shouts!
The orc priest closely misses you.
The orc priest mumbles some strange prayers to Beogh against you.
Pain shoots through your body!
Ouch! That really hurt!
You die...

## .#
########.######
.......@......$
#####.oo....###
#.o.....#
#o>.....#
#.......#
#########


You could see an orc priest and 3 orcs.

Vanquished Creatures
  A dart slug (D:4)
  A kobold (D:3)
  A quokka (D:3)
  A ball python (D:3)
  A frilled lizard (D:3)
5 creatures vanquished.

Notes
Turn   | Place    | Note
-------+----------+-------------------------------------------
     0 | D:1      | nxtlvl the Minotaur Transmuter began the quest for the Orb.
     0 | D:1      | Reached XP level 1. HP: 16/16 MP: 1/1
    85 | D:3      | Found a faded altar of an unknown god.
    88 | D:4      | Noticed a scorpion
    92 | D:4      | Noticed a howler monkey
   181 | D:3      | Found Xashre's Jewellery Boutique.
   184 | D:3      | Found Meowket's Antique Armour Shop.
   242 | D:4      | Noticed an orc priest
   242 | D:4      | Killed from afar by an orc priest

Illustrated notes

Levels and vault maps discovered:
D:1:      lightli_molten_gateway, layout_loops_ring
D:2:      layout_rooms
D:3:      layout_basic, basic_ecumenical_altar, serial_shops, shop,
          shop_fountains, nicolae_shop_crystal, shop, nicolae_diamond_shop,
          uniq_jessica
D:4:      kennysheep_slugbush, layout_rooms, minmay_temple_entry_waves,
          serial_curves, eino_curves_03, eino_curves_03, serial_shops, shop

Action                   || total
-------------------------++-------
Melee: Unarmed           ||    21
 Cast: Beastly Appendage ||     2
Armor: Robe              ||     4
Dodge: Dodged            ||    15
